 Dungeon Crawl Stone Soup version 0.25-a0-317-g5f8687bca5 (webtiles) character file.

Game seed: 8067615365082822544, levelgen mode: classic

3751 Borgoz the Fighter (level 10, 0/65 HPs)
             Began as a Gargoyle Fighter on Dec 25, 2019.
             Was an Initiate of Ashenzari.
             Slain by Erica
             ... wielding a +3 scimitar of flaming
              (1 damage)
             ... on level 8 of the Dungeon.
             The game lasted 00:12:01 (6160 turns).

Borgoz the Fighter (Gargoyle Fighter)               Turns: 6160, Time: 00:12:02

Health: 0/65       AC: 16    Str: 24    XL:     10   Next: 15%
Magic:  10/10      EV: 10    Int: 10    God:    Ashenzari [......]
Gold:   338        SH: 10    Dex: 12    Spells: 9/9 levels left

rFire    . . .     SeeInvis .   s - +0 mace (crush)
rCold    . . .     Gourm    .   c - +0 shield
rNeg     + . .     Faith    .   b - +0 scale mail
rPois    ∞         Spirit   .   m - +1 helmet
rElec    +         Reflect  .   d - +0 cloak
rCorr    .         Harm     .   (no gloves)
MR       .....                  (no boots)
Stlth    ..........             E - amulet of the acrobat
HPRegen  0.20/turn              i - +3 ring of strength
MPRegen  0.12/turn              B - +3 ring of slaying

@: slowed, very slow
A: big wings, clever 1, deformed body, negative energy resistance 1, screaming
1, electricity resistance, unbreathing, petrification resistance, rot immunity,
AC +7
a: Fly, Curse Item, Renounce Religion


You were on level 8 of the Dungeon.
You worshipped Ashenzari.
Ashenzari was noncommittal.
You were not hungry.

You visited 2 branches of the dungeon, and saw 9 of its levels.
You also visited: Sewer and Ossuary.

You collected 338 gold pieces.

Inventory:

Hand Weapons
 q - a +1 mace of draining
 s - a +0 mace of crushing (weapon)
Armour
 b - a +0 scale mail (worn)
 c - a +0 shield (worn)
 d - a +0 cloak (worn)
 m - a +1 helmet (worn)
Jewellery
 i - a +3 ring of strength (left hand)
 B - a +3 ring of slaying (right hand)
 C - a +2 ring of slaying
 E - an amulet of the acrobat (around neck)
Wands
 u - a wand of enslavement (7)
 I - a wand of paralysis (10)
Scrolls
 a - a scroll of enchant armour {unknown}
 e - 2 scrolls of enchant weapon {unknown}
 g - a scroll of amnesia {unknown}
 h - a scroll of noise {unknown}
 l - 3 scrolls of remove curse
 o - 3 scrolls of blinking {unknown}
 p - 5 scrolls of teleportation {unknown}
 w - a scroll of immolation {unknown}
 y - 7 scrolls of identify
 J - a scroll of random uselessness {unknown}
Potions
 j - 5 potions of curing
 k - 4 potions of brilliance
 n - 3 potions of heal wounds
 t - 4 potions of flight
 v - 3 potions of agility
 x - 2 potions of lignification {unknown}
 z - 3 potions of cancellation {unknown}
 A - a potion of invisibility {unknown}
 D - a potion of mutation
 F - a potion of magic {unknown}
 G - 2 potions of might
 H - a potion of haste {unknown}
Comestibles
 f - 12 rations
 r - 8 chunks of flesh


   Skills:
 + Level 8.5 Fighting
 + Level 7.4 Maces & Flails
 + Level 8.5 Armour
 + Level 4.4 Dodging
 - Level 6.0 Shields


You had 9 spell levels left.
You didn't know any spells.
Your spell library was empty.

Dungeon Overview and Level Annotations

Branches:
Dungeon (8/15)             Temple (1/1) D:6           Sewer (visited)
Ossuary (visited)
   Lair: D:8-11

Altars:
Ashenzari
Dithmenos
Elyvilon
Fedhas
Gozag
Hepliaklqana
Kikubaaqudgha
Makhleb
Nemelex Xobeh
Okawaru
Qazlal
Ru
Sif Muna
Trog
Uskayaw
Vehumet
Wu Jian
Xom
Yredelemnul
Zin
The Shining One

Shops:
D:5 %

Annotations:
D:8 Erica


Innate Abilities, Weirdness & Mutations

You are resistant to torment.
Your stone body is resilient. (AC +7)
You are immune to poison.
You resist negative energy. (rN+)
You are resistant to electric shocks. (rElec)
You can survive without breathing.
You are immune to petrification.
You are immune to rotting.
Your large and strong wings let you fly indefinitely.
Your mind is acute. (Int +2)
Armour fits poorly on your strangely shaped body.
You occasionally shout uncontrollably at your foes.


Message History

You block the lance of force.
You closely miss something. Something hits you but does no damage.
You hit something. Something hits you. Something burns you.
You closely miss something. Something hits you. Something burns you.
Something hits you.
* * * LOW HITPOINT WARNING * * *
Something burns you.
* * * LOW HITPOINT WARNING * * *
You miss something. Something hits you!
* * * LOW HITPOINT WARNING * * *
Something burns you.
* * * LOW HITPOINT WARNING * * *
You sock something! You block something's attack.
You sock something!
You hear some strange, mumbled words.
Something tries to affect you, but you resist.
Something hits you.
* * * LOW HITPOINT WARNING * * *
Something burns you.
You die...

##.# #.# ###.## #..#
#.# #.# ####.#####
#.# #. #.......<# ..#
#. #........# .#
#........### .#
####.......# ##.#
#..#....# #{.#
#.....#..###@#
#..#......##..#
#.#..###...<.#.......
..#............######
#..####...#....... ..
#...###..... ......
..... #......# #....
#..###... ....#


There were no monsters in sight!

Vanquished Creatures
  Sigmund (D:6)
  Duvessa (D:7)
  2 ice beasts
  2 sky beasts
  An orc warrior (D:7)
  2 phantoms
  3 ogres
  A centaur (D:6)
  A crocodile (Sewer)
  Blork the orc (D:6)
  2 bullfrogs
  Dowan (D:7)
  16 scorpions
  2 crimson imps
  2 bullfrog zombies
  A quasit (D:7)
  A centaur zombie (D:6)
  A human zombie (Ossuary)
  A bullfrog skeleton (D:5)
  3 hounds
  Crazy Yiuf (D:2)
  2 orc priests
  10 orc wizards
  A centaur skeleton (D:8)
  2 iguanas
  9 worker ants
  4 big kobold zombies (Ossuary)
  3 mummies (Ossuary)
  6 scorpion zombies (Ossuary)
  8 adders
  2 shadow imps (D:5)
  2 oozes (D:4)
  3 worms
  4 dart slugs
  2 leopard geckos
  28 orcs
  9 bats
  9 giant cockroaches
  7 goblins
  7 hobgoblins
  13 jackals
  14 kobolds
  3 quokkas
  7 frilled lizards
  A gnoll zombie (Ossuary)
  2 goblin zombies (Ossuary)
  3 kobold zombies (Ossuary)
  3 orc zombies (Ossuary)
  7 rats
  2 rat zombies (D:6)
219 creatures vanquished.

Notes
Turn   | Place    | Note
-------+----------+-------------------------------------------
     0 | D:1      | Borgoz the Gargoyle Fighter began the quest for the Orb.
     0 | D:1      | Reached XP level 1. HP: 14/14 MP: 1/1
   161 | D:1      | Reached XP level 2. HP: 17/19 MP: 2/2
   513 | D:1      | Reached XP level 3. HP: 23/23 MP: 3/3
   935 | D:2      | Found a runed translucent door.
   936 | D:2      | Noticed Crazy Yiuf
   950 | D:2      | Killed Crazy Yiuf
   950 | D:2      | Reached XP level 4. HP: 9/29 MP: 4/4
  1199 | D:2      | Found an iron altar of Okawaru.
  1203 | D:2      | Reached XP level 5. HP: 33/33 MP: 5/5
  1722 | D:3      | Noticed a sky beast
  1746 | D:2      | Gained mutation: You occasionally shout uncontrollably at
                  | your foes. [potion of mutation]
  1746 | D:2      | Gained mutation: Your muscles are strong. (Str +2) [potion
                  | of mutation]
  1776 | D:2      | Killed a sky beast
  1776 | D:2      | Reached XP level 6. HP: 22/39 MP: 6/6
  1842 | D:3      | Found a glowing drain.
  1880 | Sewer    | Entered a sewer
  2242 | D:3      | Reached skill level 5 in Shields
  2251 | D:3      | Reached skill level 5 in Fighting
  2251 | D:3      | Reached skill level 5 in Armour
  2278 | D:3      | Lost mutation: You occasionally shout uncontrollably at
                  | your foes. [potion of mutation]
  2278 | D:3      | Lost mutation: Your muscles are strong. (Str +2) [potion of
                  | mutation]
  2278 | D:3      | Gained mutation: Armour fits poorly on your strangely
                  | shaped body. [potion of mutation]
  2278 | D:3      | Gained mutation: Your mind is acute. (Int +2) [potion of
                  | mutation]
  2278 | D:3      | Gained mutation: You occasionally shout uncontrollably at
                  | your foes. [potion of mutation]
  2278 | D:3      | Gained mutation: Your large and strong wings let you fly
                  | indefinitely. [potion of mutation]
  2707 | D:4      | Reached XP level 7. HP: 41/44 MP: 7/7
  3398 | D:4      | Reached XP level 8. HP: 18/51 MP: 8/8
  3721 | D:5      | Entered Level 5 of the Dungeon
  3772 | D:5      | Found Jaemen's Food Emporium.
  3800 | D:5      | Reached skill level 5 in Maces & Flails
  3891 | D:5      | Reached skill level 1 in Dodging
  4359 | D:6      | Found a shimmering blue altar of Sif Muna.
  4359 | D:6      | Found a basalt altar of Yredelemnul.
  4538 | D:6      | Reached XP level 9. HP: 22/57 MP: 9/9
  4545 | D:6      | Found a staircase to the Ecumenical Temple.
  4582 | D:6      | Found a sand-covered staircase.
  4589 | Ossuary  | Entered an ossuary
  5155 | D:6      | Noticed Blork the orc
  5165 | D:6      | Killed Blork the orc
  5306 | D:6      | Noticed Sigmund
  5317 | D:6      | Killed Sigmund
  5368 | Temple   | Entered the Ecumenical Temple
  5443 | Temple   | Became a worshipper of Ashenzari the Shackled
  5667 | D:6      | Found a radiant altar of Vehumet.
  5669 | D:6      | Found a white marble altar of Elyvilon.
  5670 | D:6      | Found a sacrificial altar of Ru.
  5779 | D:7      | Reached XP level 10. HP: 53/64 MP: 10/10
  5876 | D:7      | Found a shadowy altar of Dithmenos.
  5880 | D:7      | Noticed Dowan
  5890 | D:7      | Noticed Duvessa
  5905 | D:7      | Killed Dowan
  5909 | D:7      | Killed Duvessa
  6141 | D:8      | Noticed Erica
  6160 | D:8      | HP: 1/65 [something (6)]
  6160 | D:8      | Slain by Erica

Levels and vault maps discovered:
D:1:      minmay_arrival_open_corners, layout_basic, minmay_split_cup_large
D:2:      layout_loops_cross, okawaru_trees_1, uniq_crazy_yiuf_cottage
D:3:      layout_basic, gup_sewer_entry_glass
D:4:      layout_cave_pools, lightli_corner_chamber
D:5:      layout_rooms, first_ration, serial_shops, shop, zaba_anthole
D:6:      layout_basic, chequers_temple_overflow_minitemple,
          minmay_temple_entry_sparse_star, enter_ossuary_4, uniq_blork_the_orc,
          uniq_sigmund
D:7:      layout_rooms, grunt_dithmenos_smoke_and_mirrors, uniq_duvessa
D:8:      layout_rooms, nicolae_overflow_hidden_temple, uniq_erica
Temple:   eino_temple_lava

Skill      XL: |  1  2  3  4  5  6  7  8  9 |
---------------+----------------------------+-----
Fighting       | 4 5 7 8 |  8.5
Maces & Flails | 3 4 5 7 |  7.4
Armour         | 4 5 6 8 |  8.5
Shields        | 4 5 6 |  6.0
Dodging        | 2 4 |  4.4

Action                   |  1- 3 |  4- 6 |  7- 9 | 10-12 || total
-------------------------+-------+-------+-------+-------++-------
Melee: Flail             |   137 |   254 |    89 |       ||   480
       Mace              |       |       |   528 |    80 ||   608
  Use: Potion            |     1 |     6 |       |       ||     7
       Scroll            |       |       |     4 |       ||     4
  Eat: Chunk             |       |     7 |     8 |     1 ||    16
       Ration            |       |       |     1 |       ||     1
Armor: Scale mail        |   132 |   225 |   378 |    34 ||   769
Dodge: Dodged            |    77 |   102 |   255 |    29 ||   463
Block: Shield            |   131 |   189 |   405 |    42 ||   767

Table legend:
 A = Non-vault XP
 B = Vault XP
 C = Vault XP percentage of total XP
 D = Non-vault monster count
 E = Vault monster count
 F = Vault count percentage of total count
                 A         B        C        D         E       F
            +---------+---------+-------+---------+---------+-------
      Total |    3365 |    1994 |  37.2 |     155 |      64 |  29.2
            +---------+---------+-------+---------+---------+-------
        D:1 |      28 |       8 |  22.2 |      18 |       5 |  21.7
        D:2 |     345 |      41 |  10.6 |      35 |       1 |   2.8
        D:3 |      49 |      23 |  31.9 |      19 |       6 |  24.0
        D:4 |     610 |       0 |   0.0 |      27 |       0 |   0.0
        D:5 |     507 |     208 |  29.1 |      17 |       6 |  26.1
        D:6 |     998 |     321 |  24.3 |      22 |       4 |  15.4
        D:7 |     555 |     214 |  27.8 |      13 |       2 |  13.3
        D:8 |     273 |       0 |   0.0 |       4 |       0 |   0.0
      Sewer |       0 |     114 | 100.0 |       0 |       6 | 100.0
    Ossuary |       0 |    1065 | 100.0 |       0 |      34 | 100.0
            +---------+---------+-------+---------+---------+-------
